 Dungeon Crawl Stone Soup version 0.22-a0-271-gc000056a37 (webtiles) character file.

197 Manul the Poker (level 5, 0/46 HPs)
             Began as a Draconian Monk on Mar 11, 2018.
             Killed by divine providence
             ... invoked by an orc priest
              (13 damage)
             ... on level 3 of the Dungeon.
             The game lasted 00:02:40 (2464 turns).

Manul the Poker (Draconian Monk)                    Turns: 2464, Time: 00:02:41

Health: 0/46       AC:  5    Str: 11 (13) XL:     5   Next: 46%
Magic:  5/5        EV: 13    Int:  7 (10) God:
Gold:   158        SH:  0    Dex: 12 (15) Spells: 4/4 levels left

rFire    . . .     SeeInvis .   a - +0 spear
rCold    . . .     Gourm    .   (no shield)
rNeg     . . .     Faith    .   (armour unavailable)
rPois    .         Spirit   .   (helmet restricted)
rElec    .         Reflect  .   (no cloak)
rCorr    .         Harm     .   (no gloves)
MR       .....                  (no boots)
Stlth    ++........             (no amulet)
HPRegen  0.15/turn              (no ring)
MPRegen  0.09/turn              (no ring)

@: no status effects
A: unfitting armour, cold-blooded, AC +5
a: no special abilities


You were on level 3 of the Dungeon.
You were not hungry.

You visited 1 branch of the dungeon, and saw 3 of its levels.

You collected 158 gold pieces.

Inventory:

Hand Weapons
 a - a +0 spear (weapon)
Scrolls
 c - a scroll of remove curse
 h - 3 scrolls of teleportation {unknown}
 j - a scroll of magic mapping {unknown}
 k - a scroll of fear {unknown}
 l - a scroll of identify {unknown}
Comestibles
 b - 4 rations
 m - 3 chunks of flesh


   Skills:
 + Level 4.2 Fighting
 + Level 4.4 Polearms
 + Level 3.9 Dodging
 - Level 2.4 Stealth


You had 4 spell levels left.
You didn't know any spells.

Dungeon Overview and Level Annotations

Branches:
Dungeon (3/15)

Altars:
The Shining One


Innate Abilities, Weirdness & Mutations

Your plain brown scales are hard. (AC +5)
You cannot fit into any form of body armour.
You are cold-blooded and may be slowed by cold attacks.


Message History

You kill the orc priest!
You feel better. The orc priest hits you with a trident.
You hit the orc priest.
The orc priest is moderately wounded.
You feel yourself slow down.
You hit the orc priest but do no damage.
The orc priest is moderately wounded.
The orc priest looks satisfied for a moment.
You hit the orc priest but do no damage.
The orc priest is moderately wounded.
The orc priest misses you.
You barely miss the orc priest. You tail-slap the orc priest.
The orc priest is heavily wounded.
The orc priest hits you with a trident.
* * * LOW HITPOINT WARNING * * *
You hit the orc priest.
The orc priest is heavily wounded.
The orc priest invokes the aid of Beogh against you.
Beogh smites you!
You die...

#...###
#.....#
#...#.#
#####.#
#.# #.#
##### #.#
#..o
#.####)##
#..)..#@#
######o##
###


You could see an orc priest.

Vanquished Creatures
  An orc priest (D:3)
  Natasha (thrice) (D:2)
  3 adders
  2 oozes
  A leopard gecko (D:2)
  5 orcs (D:3)
  8 giant cockroaches
  2 goblins
  6 hobgoblins
  2 ball pythons (D:1)
  5 bats
  2 frilled lizards (D:1)
  10 kobolds
  3 rats
53 creatures vanquished.

Vanquished Creatures (others)
  An orc (D:3)
1 creature vanquished.

Grand Total: 54 creatures vanquished

Notes
Turn   | Place    | Note
-------+----------+-------------------------------------------
     0 | D:1      | Manul the Draconian Monk began the quest for the Orb.
     0 | D:1      | Reached XP level 1. HP: 19/19 MP: 1/1
    80 | D:1      | Reached XP level 2. HP: 26/26 MP: 2/2
   662 | D:2      | Reached XP level 3. HP: 26/33 MP: 3/3
   909 | D:2      | Noticed Natasha
   936 | D:2      | Killed Natasha
  1137 | D:2      | Reached XP level 4. HP: 40/40 MP: 4/4
  1246 | D:2      | Noticed Natasha
  1268 | D:2      | Killed Natasha
  1987 | D:2      | Noticed Natasha
  2001 | D:2      | Killed Natasha
  2001 | D:2      | Reached XP level 5. HP: 29/46 MP: 5/5
  2162 | D:3      | Found a glowing golden altar of the Shining One.
  2464 | D:3      | Killed from afar by an orc priest

Vault maps used:
D:1:      minmay_arrival_doors, minmay_pentomino_z2
D:2:      first_ration, uniq_natasha
D:3:      nicolae_overflow_hidden_temple, fiery_altar_vehumet,
          kennysheep_generic_room_16

Skill      XL: |  1  2  3  4 |
---------------+-------------+-----
Dodging        | 3 |  3.9
Stealth        | 2 |  2.4
Fighting       | 4 |  4.2
Polearms       | 4 |  4.4

Action                   |  1- 3 |  4- 6 || total
-------------------------+-------+-------++-------
Melee: Spear             |   123 |   180 ||   303
       Tailslap          |    16 |    18 ||    34
  Use: Potion            |     3 |     7 ||    10
       Scroll            |       |     1 ||     1
 Stab: Sleeping          |     9 |     3 ||    12
  Eat: Chunk             |     1 |     4 ||     5
Armor: Skin              |    15 |    34 ||    49
Dodge: Dodged            |    70 |    95 ||   165

Table legend:
 A = Spawn XP
 B = Non-spawn XP
 C = Spawn XP percentage of total XP
 D = Spawn monster count
 E = Non-spawn monster count
 F = Spawn count percentage of total count
 G = Total turns spent on level
                    A         B        C        D         E        F      G
               +---------+---------+-------+---------+---------+-------+---------
         Total |       0 |     282 |   0.0 |       0 |      53 |   0.0 |  2464
               +---------+---------+-------+---------+---------+-------+---------
           D:1 |       0 |      37 |   0.0 |       0 |      20 |   0.0 |   644
           D:2 |       0 |     160 |   0.0 |       0 |      20 |   0.0 |  1511
           D:3 |       0 |      85 |   0.0 |       0 |      13 |   0.0 |   309
               +---------+---------+-------+---------+---------+-------+---------
